 Dungeon Crawl Stone Soup version 0.30-a0-793-g160f7cfddd (webtiles) character file.

Game seed: 5126262001677269576

106 cheesebisquit the Chiller (level 4, -1/30 HPs)
             Began as a Merfolk Ice Elementalist on Feb 19, 2023.
             Slain by a kobold brigand
             ... wielding a +0 short sword
              (8 damage)
             ... in a sewer.
             The game lasted 00:10:22 (2431 turns).

cheesebisquit the Chiller (MfIE)                    Turns: 2431, Time: 00:10:23

Health: -1/30      AC:  2    Str:  8    XL:     4   Next: 84%
Magic:  4/9        EV: 12    Int: 16    God:
Gold:   103        SH:  0    Dex: 14    Spells: 2/9 levels left

rFire   . . .      SeeInvis .    d - +0 club
rCold   . . .      Faith    .    (no shield)
rNeg    . . .      Spirit   .    a - +0 robe
rPois   .          Reflect  .    (no helmet)
rElec   .          Harm     .    (no cloak)
rCorr   .          Rampage  .    (no gloves)
Will    .....                    (no boots)
Stlth   ++                       (no amulet)
HPRegen 0.25/turn                j - ring of flight
MPRegen 0.11/turn                (no ring)

@: flying
A: (nimble swimmer 2), mertail
a: no special abilities


You were in a sewer.
You visited 1 branch of the dungeon, and saw 3 of its levels.
You also visited: Sewer.

You collected 103 gold pieces.

Inventory:

Hand Weapons
 d - a +0 club (weapon)
Missiles
 r - 2 poisoned darts
Armour
 a - a +0 robe (worn)
Jewellery
 j - a ring of flight (left hand)
Scrolls
 f - 3 scrolls of magic mapping
 l - a scroll of enchant armour {unknown}
 n - a scroll of teleportation
 o - a scroll of blinking {unknown}
Potions
 b - a potion of magic
 c - a potion of flight
 e - a potion of curing
 g - a potion of haste {unknown}
 h - 2 potions of might {unknown}
 i - a potion of attraction {unknown}
 k - 2 potions of heal wounds {unknown}
 m - 2 potions of invisibility {unknown}
 p - a potion of berserk rage {unknown}
 q - a potion of cancellation {unknown}


   Skills:
 - Level 2.6 Dodging
 - Level 2.1 Stealth
 + Level 3.4 Spellcasting
 + Level 5.6 Ice Magic


You had 2 spell levels left.
You knew the following spells:

 Your Spells              Type           Power      Damage    Failure   Level
a - Freeze                Ice            80%        1d9       1%          1
b - Ozocubu's Armour      Ice            20%        N/A       5%          3
z - Frozen Ramparts       Ice            40%        1d7       5%          3

Your spell library contained the following spells:

 Spells                   Type           Power      Damage    Failure   Level
 Apportation              Tloc           4%         N/A       19%         1
 Magic Dart               Conj           8%         1d3       19%         1
 Necrotise                Necr           8%         1d4       19%         1
 Summon Small Mammal      Summ           8%         N/A       19%         1
 Searing Ray              Conj           4%         2d4       26%         2
 Summon Ice Beast         Ice/Summ       11%        N/A       50%         4
 Anguish                  Hex/Necr       1%         N/A       87%         4
 Fulminant Prism          Conj/Hex       1%         3d5       87%         4
 Enfeeble                 Hex            1%         N/A       100%        7
 Ozocubu's Refrigeration  Ice            10%        4d9       100%        7


Dungeon Overview and Level Annotations

Branches:
Dungeon (3/15)              Sewer (1/1)

Altars:

Shops:
D:3 [


Innate Abilities, Weirdness & Mutations

((You are very nimble when in or above water. (Stealth+, EV+, Speed+++)))
Your lower body shifts to a powerful aquatic tail in water.


Message History

The kobold closely misses you.
The kobold brigand hits you with a +0 short sword!
You feel better. The kobold closely misses you.
The kobold brigand hits you with a +0 short sword.
Aiming: Freeze (safe; 1% risk of failure)
Press: ? - help, Q - select action, (/) - cycle Shift-Dir - straight line, f - kobold brigand
Aim: a kobold brigand, wielding a +0 short sword and quivering poisoned darts You freeze the kobold brigand!
The kobold brigand is moderately wounded.
The kobold barely misses you.
The kobold brigand completely misses you.
Aiming: Freeze (safe; 1% risk of failure)
Press: ? - help, Q - select action, (/) - cycle Shift-Dir - straight line, f/p - kobold brigand
Aim: a kobold brigand, wielding a +0 short sword and quivering poisoned darts (moderately wounded)
You freeze the kobold brigand.
The kobold brigand is heavily wounded.
The kobold hits you with a +0 club. The kobold brigand misses you.
Aiming: Freeze (safe; 1% risk of failure)
Press: ? - help, Q - select action, (/) - cycle Shift-Dir - straight line, f/p - kobold brigand
Aim: a kobold brigand, wielding a +0 short sword and quivering poisoned darts (heavily wounded)
You freeze the kobold brigand.
The kobold brigand is severely wounded.
The kobold completely misses you.
The kobold brigand hits you with a +0 short sword.
Aiming: Freeze (safe; 1% risk of failure)
Press: ? - help, Q - select action, (/) - cycle Shift-Dir - straight line, f/p - kobold brigand
Aim: a kobold brigand, wielding a +0 short sword and quivering poisoned darts (severely wounded)
You freeze the kobold brigand.
The kobold brigand is severely wounded.
The kobold misses you.
The kobold brigand hits you with a +0 short sword.
Aiming: Freeze (safe; 1% risk of failure)
Press: ? - help, Q - select action, (/) - cycle Shift-Dir - straight line, f/p - kobold brigand
Aim: a kobold brigand, wielding a +0 short sword and quivering poisoned darts (severely wounded)
You freeze the kobold brigand.
The kobold brigand is almost dead.
The kobold hits you with a +0 club.
* * * LOW HITPOINT WARNING * * *
The kobold brigand hits you with a +0 short sword!
You die...

#### ##### ##..##
##...## # ...~##
#.....##### ##.~?.#
#...~.~~~~~ #.KK.#
#~.~..##### #@.#
##..~## # #.## ##~##
#.# #~# #.# #~#
##.## ##~## ##~..##
##..~## #
#~..~.####.....#####
#.~.~.~~~~~.~~~≈≈≈≈≈
#.~~..####.....#####


You could see a kobold brigand and a kobold.

Vanquished Creatures
  3 adders
  A river rat (Sewer)
  3 worms
  3 dart slugs
  An orc (D:3)
  4 endoplasms (D:2)
  A giant cockroach (D:3)
  3 goblins
  5 hobgoblins
  2 jackals (D:2)
  2 quokkas
  9 ball pythons
  5 bats
  3 frilled lizards
  6 kobolds
  7 rats
58 creatures vanquished.

Notes
Turn   | Place    | Note
-------+----------+-------------------------------------------
     0 | D:1      | cheesebisquit the Merfolk Ice Elementalist began the quest
                  | for the Orb.
     0 | D:1      | Reached XP level 1. HP: 13/13 MP: 3/3
   208 | D:1      | Reached XP level 2. HP: 19/19 MP: 0/5
   951 | D:2      | Reached XP level 3. HP: 16/24 MP: 3/6
  1092 | D:2      | Reached skill level 5 in Ice Magic
  1747 | D:2      | Learned a level 3 spell: Frozen Ramparts
  1758 | D:2      | Learned a level 3 spell: Ozocubu's Armour
  1855 | D:3      | Reached XP level 4. HP: 30/30 MP: 6/8
  1865 | D:3      | Found Toixot's Antique Armour Emporium.
  1867 | D:3      | Found a glowing drain.
  1890 | D:3      | Identified the +1 leather armour of Qaemnah {Harm Will-
                  | Dex+2 Stlth+}
  1895 | Sewer    | Entered a sewer
  2419 | Sewer    | Noticed a kobold brigand
  2431 | Sewer    | Slain by a kobold brigand

Illustrated notes

Levels and vault maps discovered:
D:1:      heliophobic_arrival_battle_scene, layout_loops_ring
D:2:      layout_loops_ring
D:3:      layout_basic, general_overflow_altar, serial_shops, shop,
          portal_sewer_entry_a
Sewer:    sewer_co_15_rooms

Skill      XL: |  1  2  3 |
---------------+----------+-----
Ice Magic      | 5 |  5.6
Spellcasting   | 3 |  3.4
Dodging        | |  2.6
Stealth        | |  2.1

Action                     |  1- 3 |  4- 6 || total
---------------------------+-------+-------++-------
  Melee: Unarmed           |     5 |       ||     5
         Club              |     1 |     3 ||     4
   Cast: Freeze            |    58 |    43 ||   101
    Use: Scroll            |     5 |     1 ||     6
         Potion            |       |     1 ||     1
 Armour: Robe              |     5 |     5 ||    10
  Dodge: Dodged            |    23 |    30 ||    53

Table legend: (Time is in decaauts)
 A = Elapsed time spent in this place.
 B = Non-inter-level travel time spent in this place.
 C = Inter-level travel time spent in this place.
 D = Time resting spent in this place.
 E = Time spent auto-exploring this place.
 F = Levels seen in this place.
 G = Mean time per level.
                   A        B        C        D        E       F      G
               +--------+--------+--------+--------+--------+-----+--------+
         Total |   2390 |   2330 |     60 |     71 |   1856 |   4 |  597.5 |
       Dungeon |   1891 |   1831 |     60 |     29 |   1520 |   3 |  630.3 |
         Sewer |    499 |    499 |      0 |     42 |    336 |   1 |  499.0 |
               +--------+--------+--------+--------+--------+-----+--------+

Top non-repeatable levels by time:
     D:2: 949 daAuts
     D:1: 824 daAuts
   Sewer: 499 daAuts
     D:3: 118 daAuts
